 Dungeon Crawl Stone Soup version 0.29.0-4-gdea44cf6ec (webtiles) character file.

Game seed: 9208763308306573667

60 qw the Ruffian (level 3, 0/36 HPs)
             Began as a Troll Cinder Acolyte on Aug 31, 2022.
             Was a High Priest of Ignis.
             Killed by nerve-wracking pain
             ... invoked by an orc priest
              (10 damage)
             ... on level 2 of the Dungeon.
             The game lasted 00:00:42 (1140 turns).

qw the Ruffian (Troll Cinder Acolyte)               Turns: 1140, Time: 00:00:43

Health: 0/36       AC: 11    Str: 24    XL:     3   Next: 82%
Magic:  3/3        EV:  9    Int: 10    God:    Ignis [*****.]
Gold:   113        SH:  0    Dex:  5    Spells: 4/4 levels left

rFire   + . .      SeeInvis .     - Unarmed
rCold   . . .      Faith    .   (no shield)
rNeg    . . .      Spirit   .   a - +0 robe
rPois   .          Reflect  .   (helmet restricted)
rElec   .          Harm     .   (no cloak)
rCorr   .          Rampage  .   (gloves unavailable)
Will    .....                   (boots unavailable)
Stlth   +.........              (no amulet)
HPRegen 0.92/turn               (no ring)
MPRegen 0.08/turn               (no ring)

@: fiery-armoured
A: large, unfitting armour, claws 3, regeneration 1, shaggy fur 1, tough skin 1
a: Renounce Religion, Fiery Armour, Foxfire Swarm, Rising Flame


You were on level 2 of the Dungeon.
You worshipped Ignis.
Ignis was extremely pleased with you.
You visited 1 branch of the dungeon, and saw 2 of its levels.

You collected 113 gold pieces.


Innate Abilities, Weirdness & Mutations

You are too large for most types of armour.
You have claws for hands.
Your natural rate of healing is unusually fast.
You are covered in fur. (AC +1)
You have tough skin. (AC +1)


   Skills:
 - Level 2.4 Fighting
 + Level 4.8 Unarmed Combat
 - Level 1.0 Spellcasting
 - Level 2.1 Fire Magic


You had 4 spell levels left.
You didn't know any spells.
Your spell library contained the following spells:

 Spells                   Type           Power      Damage    Failure   Level
 Scorch                   Fire           8%         2d5       22%         2

Inventory:

Armour
 a - a +0 robe (worn)
Scrolls
 d - a scroll of enchant weapon {unknown}
 h - a scroll of enchant armour
 j - a scroll of torment {unknown}
Potions
 b - a potion of berserk rage {unknown}
 c - a potion of haste {unknown}
 e - a potion of flight {unknown}
 f - a potion of invisibility {unknown}
 g - a potion of degeneration {unknown}
 i - a potion of ambrosia {unknown}

Dungeon Overview and Level Annotations

Branches:
Dungeon (2/15)

Altars:

Shops:
D:2 [


Message History

An endoplasm comes into view.
You claw the endoplasm!
You kill the endoplasm!
You now have 113 gold pieces (gained 8).
Found a sling.
Enter note: A bat comes into view.
Found a stone staircase leading down.
You scratch the bat.
You kill the bat!
Found an escape hatch in the ceiling.
You see here a bat corpse.
An orc priest comes into view. It is wielding a +0 dagger.
An orc comes into view. It is wielding a +0 club.
Found 4 stones.
The orc shouts!
An orc comes into view. It is wielding a +0 trident.
An orc comes into view. It is wielding a +0 club.
Found 13 gold pieces.
The orc shouts! x2
Found 3 gold pieces and 3 scrolls labelled KOENEU ZYDAMA.
The orc priest barely misses you.
You scratch the orc priest.
The orc priest is moderately wounded.
The orc priest calls down the wrath of Beogh upon you.
Pain shoots through your body!
You claw the orc priest!
The orc priest is almost dead.
The orc barely misses you.
The orc priest mumbles some strange prayers to Beogh against you.
Beogh smites you! The orc hits you with a +0 club.
1139 ||| INVOKING Fiery Armour.
A protective cloak of flame settles atop you.
The orc hits you from afar with a +0 trident.
You barely miss the orc priest.
The orc priest is almost dead.
The orc hits you from afar with a +0 trident.
The orc priest calls down the wrath of Beogh upon you.
Pain shoots through your body!
You die...

#.#####.########
#.# #.# #.# #.#
##%## #.#
##...####.##
#######.#.........
.......>..##.##.##
......o...#$###.#
......o@)..#
.....o.o..##
..<........?.
.........#####
..(......#
.........#
........$#
##########


You could see an orc priest and 3 orcs.

Vanquished Creatures
  3 adders (D:2)
  A worm (D:2)
  3 endoplasms (D:2)
  A giant cockroach (D:1)
  A hobgoblin (D:1)
  3 jackals (D:1)
  A quokka (D:2)
  4 ball pythons
  3 bats (D:2)
  5 frilled lizards (D:1)
  5 kobolds
  2 rats
32 creatures vanquished.

Notes
Turn   | Place    | Note
-------+----------+-------------------------------------------
     0 | D:1      | qw the Troll Cinder Acolyte began the quest for the Orb.
     0 | D:1      | Reached XP level 1. HP: 22/22 MP: 1/1
     0 | D:1      | 0 ||| qw: Version: 0.1-a-97-g2dd2ca4
     0 | D:1      | 0 ||| qw: Game counter: 4520
     0 | D:1      | 0 ||| qw: Always use a shield: true
     0 | D:1      | 0 ||| qw: God list: Okawaru
     0 | D:1      | 0 ||| qw: Allow faded altars: false
     0 | D:1      | 0 ||| qw: Do Orc after D:15 true
     0 | D:1      | 0 ||| qw: Do second Lair branch before Depths: true
     0 | D:1      | 0 ||| qw: Lair rune preference: random
     0 | D:1      | 0 ||| qw: Plans: Normal
     0 | D:1      | 0 ||| PLANNING D:1-11
    86 | D:1      | 86 ||| Stepping ~*~*~tactically~*~*~ (outnumbered).
   139 | D:1      | Found a faded altar of an unknown god.
   174 | D:1      | Reached XP level 2. HP: 29/29 MP: 2/2
   644 | D:1      | 644 ||| READING 2 scrolls labelled KESAMI UCIZEDD.
   645 | D:1      | 645 ||| READING scroll labelled KODUELLA EDOLI.
   646 | D:1      | 646 ||| READING scroll labelled DESAGO ZUYD.
   647 | D:1      | 647 ||| DROPPING scroll of fog.
   657 | D:2      | 657 ||| STAIRDANCE
   693 | D:2      | Reached skill level 4 in Unarmed Combat
   718 | D:2      | Reached XP level 3. HP: 36/36 MP: 3/3
   866 | D:2      | 866 ||| Stepping ~*~*~tactically~*~*~ (stealth).
   911 | D:2      | Identified the +6 whip of Guilt {flame, rElec rPois}
   976 | D:2      | Found Qasubbid's Antique Armour Boutique.
   988 | D:2      | 988 ||| SHOPLISTING runed robe (114 gold, have 105).
   988 | D:2      | 988 ||| SHOPLISTING troll leather armour (465 gold, have
                  | 105).
  1139 | D:2      | 1139 ||| INVOKING Fiery Armour.
  1140 | D:2      | Killed from afar by an orc priest

Levels and vault maps discovered:
D:1:      ncdulo_watergridlock, layout_loops_ring,
          shapermc_ecumenical_altar_rom_forum
D:2:      layout_loops_ring, serial_shops, nicolae_shop_statue_plus, basic_altar

Skill      XL: |  1  2 |
---------------+-------+-----
Unarmed Combat | 4 |  4.8
Fighting       | |  2.4
Spellcasting   | |  1.0
Fire Magic     | |  2.1

Action                   || total
-------------------------++-------
Melee: Unarmed           ||    91
       Punch             ||     1
Invok: Fiery Armour      ||     1
  Use: Scroll            ||     3
Armor: Robe              ||    26
Dodge: Dodged            ||    29

Table legend:
 A = Non-vault XP
 B = Vault XP
 C = Vault XP percentage of total XP
 D = Non-vault monster count
 E = Vault monster count
 F = Vault count percentage of total count
                 A         B        C        D         E       F
            +---------+---------+-------+---------+---------+-------
      Total |      87 |       0 |   0.0 |      32 |       0 |   0.0
            +---------+---------+-------+---------+---------+-------
        D:1 |      24 |       0 |   0.0 |      16 |       0 |   0.0
        D:2 |      63 |       0 |   0.0 |      16 |       0 |   0.0
            +---------+---------+-------+---------+---------+-------
